 Dungeon Sprint DCSS version 0.31-a0-18-gea43df2a32 (webtiles) character file.

Game seed: 8819526576490788312

1906 sircluck the Grappler (level 8, -5/138 HPs)
             Began as a Troll Berserker on May 10, 2023.
             Was an Elder of Trog.
             Slain by a sun demon (15 damage)
             ... summoned by an obsidian statue
             ... in the Dungeon (Sprint II: "The Violet Keep of Menkaure").
             The game lasted 00:01:00 (232 turns).

sircluck the Grappler (Troll Berserker)              Turns: 232, Time: 00:01:01

Health: -5/138     AC:  4    Str: 28    XL:     8   Next: 94%
Magic:  7/7        EV: 11    Int:  3    God:    Trog [****..]
Gold:   729        SH:  0    Dex:  7    Spells: 7/7 levels left

rFire   . .          .
                       - Unarmed
rCold   . . .        (no shield)
rNeg    . . .        a - +0 animal skin
rPois   .            (helmet restricted)
rElec   .            (no cloak)
rCorr   .            (gloves unavailable)
SInv    .            (boots unavailable)
Will    .....        (no amulet) Stlth
                     (no ring)
HPRegen 1.23/turn    (no ring)
MPRegen 0.10/turn

%: no teleportation
@: berserking, lethally poisoned (-5 -> -5), spiked, very quick
A: large, unfitting armour, claws 3, regeneration 1, shaggy fur 1, tough skin 1,
clumsy 1, inability to drink after injury 1
a: Renounce Religion, Berserk, Trog's Hand, Brothers in Arms


You were in the Dungeon.
You worshipped Trog.
Trog was greatly pleased with you.
You visited 1 branch You collected 729 gold pieces.

Inventory:

Armour
 a - a +0 animal skin (worn)
Scrolls
 g - a scroll of blinking
Potions
 b - a potion of curing
 c - a potion of heal wounds
 d - a potion of haste
 e - 2 potions of magic
 f - a potion of berserk rage


   Skills:
 + Level 9.5 Fighting
 + Level 9.3 Dodging
 + Level 13.7 Unarmed Combat


You had 7 spell levels left.
You didn't know any spells.
Your spell library was empty.

Dungeon Overview and Level Annotations

Branches:
Dungeon (1/1)

Altars:

Shops:
D =[[*?[!

Annotations:
D exclusions: obsidian statue and orange crystal statue


Innate Abilities, Weirdness & Mutations

You are too large for most types of armour.
You have claws for hands.
Your natural rate of healing is unusually fast.
You are covered in fur. (AC +1)
You have tough skin. (AC +1)
You are clumsy. (Dex -2)
You occasionally lose the ability to drink potions when taking damage.


Message History

You feel very sick.
The obsidian statue's eyes glow briefly.
You claw the iron imp!
The iron imp is heavily wounded.
You feel sick.
The iron imp disappears in a puff of smoke!
The obsidian statue's eyes glow briefly.
The obsidian statue attempts to bespell you!
You resist with some effort.
You close the gate.
You feel very sick.
You feel sick.
A red devil opens the gate.
Found Xubac's Distillery and Sadab's Armour Shoppe.
You feel sick.
Found three shops.
You feel sick. The crimson imp puffs mist at you.
The obsidian statue's eyes glow briefly.
The obsidian statue attempts to bespell you!
You resist with some effort.
Found Qezo's Antique Armour Emporium and Gismiogi's Jewellery Shoppe.
You feel sick.
You open the door.
A scorpion comes into view.
You feel sick. The sun demon hits you!!
You are engulfed in flames!
Found 7 stones.
A red film seems to cover your vision as you go berserk!
You feel yourself moving faster!
You feel mighty!
You feel sick. The scorpion barely misses you. The red devil barely misses you.
The sun demon hits you!
You are engulfed in flames!
* * * LOW HITPOINT WARNING * * *
You barely miss the sun demon. The scorpion barely misses you.
The red devil hits you from afar with a +0 trident!!
* * * LOW HITPOINT WARNING * * *
Barbed spikes become lodged in your body.
You claw the sun demon! You claw the sun demon!!
The sun demon is severely wounded.
You feel sick. The sun demon hits you!
* * * LOW HITPOINT WARNING * * *
You are engulfed in flames!
You die...

#..##.# .∩...#~
####†.##### ∩... #~
#.###'# #.# .∩...#~
#.##.##†.# ∩.∩..+~
#.'.<.'# .# ∩.∩.#~
#..##.##..# ...
###~##.###'###.##...
#~~####†#.####~~..
#@3~#..#..#~~~~~~
#s#4##.#.##§~~§~~
#(#55##'##§~~≈≈§~
####~4~~~~~~~§≈§§
#'''#'''#§≈§≈≈
#.5°°°..# ≈≈#
#.○.°○○○°.# #
+.○..○8.○○.°+
##○..○○.○○.##


You could see a sun demon (summoned), an ice devil (summoned), a red devil
(summoned), a scorpion and a white imp (summoned).

Vanquished Creatures
  2 boulder beetles (D)
  4 neqoxecs (D)
  4 scorpions (D)
  3 worms (D)
13 creatures vanquished.

Vanquished Creatures (others)
  A water moccasin (D)
1 creature vanquished.

Grand Total: 14 creatures vanquished

Notes
Turn   | Place    | Note
-------+----------+-------------------------------------------
     0 | D        | sircluck the Troll Berserker began the quest for the Orb.
     0 | D        | Reached XP level 1. HP: 22/22 MP: 0/0
    21 | D        | Noticed an orange crystal statue
    21 | D        | Killed a water moccasin
    24 | D        | Reached ** piety under Trog
    25 | D        | Reached XP level 2. HP: 31/31 MP: 1/1
    35 | D        | Noticed a scorpion
    35 | D        | Noticed a scorpion
    35 | D        | Noticed a scorpion
    35 | D        | Noticed a scorpion
    40 | D        | Killed a scorpion
    41 | D        | Reached skill level 5 in Unarmed Combat
    41 | D        | Reached XP level 3. HP: 40/40 MP: 2/2
    42 | D        | Killed a scorpion
    43 | D        | Reached skill level 5 in Fighting
    43 | D        | Reached skill level 6 in Unarmed Combat
    43 | D        | Reached XP level 4. HP: 50/50 MP: 3/3
    44 | D        | Killed a scorpion
    45 | D        | Reached skill level 5 in Dodging
    45 | D        | Reached skill level 7 in Unarmed Combat
    45 | D        | Reached XP level 5. HP: 59/59 MP: 4/4
    49 | D        | Reached *** piety under Trog
    50 | D        | Reached skill level 8 in Unarmed Combat
    90 | D        | Noticed a neqoxec
    90 | D        | Noticed a neqoxec
    90 | D        | Noticed a neqoxec
    90 | D        | Noticed a neqoxec
    98 | D        | Killed a neqoxec
    99 | D        | Reached skill level 9 in Unarmed Combat
    99 | D        | Reached XP level 6. HP: 68/68 MP: 5/5
   104 | D        | Killed a neqoxec
   105 | D        | Reached skill level 10 in Unarmed Combat
   106 | D        | Killed a neqoxec
   106 | D        | Reached **** piety under Trog
   107 | D        | Reached XP level 7. HP: 37/79 MP: 6/6
   112 | D        | Gained mutation: You are clumsy. (Dex -2) [a neqoxec]
   113 | D        | Gained mutation: You occasionally lose the ability to drink
                  | potions when taking damage. [a neqoxec]
   114 | D        | Killed a neqoxec
   115 | D        | Reached skill level 11 in Unarmed Combat
   141 | D        | Noticed a boulder beetle
   141 | D        | Noticed a boulder beetle
   160 | D        | Killed a boulder beetle
   161 | D        | Reached skill level 12 in Unarmed Combat
   161 | D        | Reached XP level 8. HP: 91/91 MP: 7/7
   169 | D        | Killed a boulder beetle
   170 | D        | Reached skill level 13 in Unarmed Combat
   211 | D        | Noticed an obsidian statue
   220 | D        | Noticed a red devil
   222 | D        | Noticed an ice devil
   222 | D        | Noticed a sun demon
   226 | D        | Found Xubac's Distillery.
   226 | D        | Found Sadab's Armour Shoppe.
   227 | D        | Found Moski's Magic Scroll Shoppe.
   227 | D        | Found Jinkeaz's Assorted Antiques.
   227 | D        | Found Nucaq's Antique Armour Shoppe.
   228 | D        | Found Qezo's Antique Armour Emporium.
   228 | D        | Found Gismiogi's Jewellery Shoppe.
   232 | D        | Slain by a sun demon

Illustrated notes

Levels and vault maps discovered:
D:        the_violet_keep_of_menkaure [sprint2_stairs_cluster_1,
          sprint2_shoproom, sprint2_temple, sprint2_basic_supplies,
          sprint2_obstacle_3, sprint2_obstacle_7, sprint2_obstacle_4,
          sprint2_obstacle_1, sprint2_obstacle_6, sprint2_timed_cluster_1,
          sprint2_smallroom_cluster_1, sprint2_smallroom_final_cluster_1,
          sprint2_transparent_cluster_1, sprint2_second_timed_cluster_1,
          sprint2_sniper_area_1, sprint2_heavy_combat_area_1,
          sprint2_mutation_trap_area_1, sprint2_forest_area_1,
          sprint2_light_combat_area_1, sprint2_behind_water_1,
          sprint2_near_end_vault_1]

Skill      XL: |  1  2  3  4  5  6  7  8 |
---------------+-------------------------+-----
Fighting       | 3 4 5 6 7 8 9 |  9.5
Dodging        | 3 4 5 6 7 8 9 |  9.3
Unarmed Combat | 5 6 7 9 10 12 13 | 13.7

Action                     |  1- 3 |  4- 6 |  7- 9 || total
---------------------------+-------+-------+-------++-------
  Melee: Unarmed           |    15 |    20 |    26 ||    61
         Punch             |       |     2 |     5 ||     7
 Invoke: Berserk           |     1 |     1 |     2 ||     4
 Armour: Animal skin       |     1 |     4 |     2 ||     7
  Dodge: Dodged            |     3 |     7 |     7 ||    17

Table legend: (Time is in decaauts)
 A = Elapsed time spent in this place.
 B = Non-inter-level travel time spent in this place.
 C = Inter-level travel time spent in this place.
 D = Time resting spent in this place.
 E = Time spent auto-exploring this place.
 F = Levels seen in this place.
 G = Mean time per level.
                   A        B        C        D        E       F      G
               +--------+--------+--------+--------+--------+-----+--------+
         Total |    242 |    234 |      8 |    118 |     29 |   1 |  242.0 |
       Dungeon |    242 |    234 |      8 |    118 |     29 |   1 |  242.0 |
               +--------+--------+--------+--------+--------+-----+--------+

Top non-repeatable levels by time:
       D: 242 daAuts
